AoeStats
← Guitencule

Black Forest

509583693Analyzed
3v3 RM · 6d ago on Sep 27, 2026· 45m 1s· 6 players
Game mode
Random Map
Map size
Normal (6 player)
Population
200
Speed
Normal
Resources
Standard
Victory
Conquest
Starting age
Dark Age
Ending age
Imperial Age
RankedLock teamsTeams togetherTeam positionsShared explorationLock speedFull tech treeHidden civsTurbo modeCheats
Victory
Defeat
🇪🇸 Khmer · Spain
931
+11
🇮🇩 Burgundians · Indonesia
758
+18
🇻🇳 Varangians · Vietnam
726
+18
🇩🇪 Danes · Germany
814
-16
🇺🇸 Armenians · United States
799
-16
🇫🇷 Japanese · France
791
-15
FabiD
1:33 Loom
12:03 Feudal Age
12:56 Town Watch
13:47 Wheelbarrow
13:46 Horse Collar
14:19 Double-Bit Axe
14:57 Gold Mining
15:48 Stone Mining
21:34 Castle Age
19:25 Arson
19:01 Man-at-Arms
20:47 Padded Archer Armor
21:36 Scale Mail Armor
21:26 Fletching
22:02 Forging
22:49 Heavy Plow
23:39 Bow Saw
24:06 Crossbowman
26:36 Stone Shaft Mining
32:20 Hand Cart
32:06 Town Patrol
33:58 Caravan
35:14 Thumb Ring
35:15 Hamask
40:46 Imperial Age
41:20 Elite Varangian Guard
42:30 Conscription
45:41 Chemistry
Guitencule
0:28 Loom
13:49 Feudal Age
14:17 Man-at-Arms
14:44 Arson
17:02 Horse Collar
22:09 Castle Age
23:10 Heavy Plow
25:35 Wheelbarrow
24:37 Crossbowman
25:35 Pikeman
26:18 Town Watch
26:20 Double-Bit Axe
26:49 Forging
29:19 Gambesons
34:29 Bow Saw
34:25 Padded Archer Armor
34:42 Squires
36:41 Caravan
37:09 Hand Cart
38:51 Ballistics
39:25 Scale Mail Armor
40:45 Iron Casting
40:40 Thumb Ring
41:06 Gold Mining
41:11 Fletching
44:48 Imperial Age
44:05 Chain Mail Armor
44:07 Leather Archer Armor
43:58 Scale Barding Armor
Hazardus Chemikals
1:12 Loom
12:40 Feudal Age
15:05 Double-Bit Axe
16:00 Wheelbarrow
16:57 Man-at-Arms
17:24 Arson
20:06 Castle Age
18:05 Arson
19:05 Man-at-Arms
21:56 Long Swordsman
22:33 Horse Collar
25:28 Hand Cart
26:43 Heavy Plow
26:54 Bow Saw
27:21 Town Watch
27:31 Gold Mining
29:12 Stone Mining
31:03 Gold Shaft Mining
31:32 Pikeman
32:15 Squires
38:02 Imperial Age
38:43 Imperial Age
37:04 Fortified Wall
37:40 Halberdier
38:31 Forging
39:32 Two-Handed Swordsman
39:58 Gambesons
40:56 Caravan
43:15 Fereters
43:32 Conscription
45:28 Bloodlines
45:19 Husbandry
44:40 Light Cavalry
fmromerocarmona
0:41 Loom
13:36 Feudal Age
17:43 Castle Age
16:27 Double-Bit Axe
16:25 Horse Collar
16:51 Gold Mining
18:28 Wheelbarrow
27:19 Imperial Age
25:45 Bow Saw
25:26 Town Watch
26:21 Gold Shaft Mining
25:57 Fletching
26:18 Heavy Plow
27:22 Bodkin Arrow
27:49 Ballistics
27:38 Stone Mining
28:14 Fishing Lines
29:39 Gillnets
32:30 Coinage
32:02 Caravan
32:19 Bracer
32:59 Stone Shaft Mining
32:47 Double Crossbow
34:50 Chemistry
34:41 Conscription
34:59 Hoardings
35:46 Banking
35:32 Siege Engineers
36:23 Hand Cart
36:10 Town Patrol
39:09 Crop Rotation
39:21 Murder Holes
39:37 Masonry
39:42 Heavy Scorpion
42:55 Architecture
VN_ChimLeLe
11:53 Feudal Age
10:09 Loom
16:06 Castle Age
15:17 Double-Bit Axe
29:06 Gold Mining
29:32 Horse Collar
33:52 Stone Mining
34:41 Bow Saw
38:05 Caravan
41:36 Imperial Age
42:43 Imperial Age
40:53 Wheelbarrow
40:27 Scale Barding Armor
40:33 Forging
41:48 Chain Barding Armor
42:25 Vendel Legacy
44:03 Iron Casting
44:04 Plate Barding Armor
43:35 Cranequins
45:40 Conscription
44:43 Gothikon
Donald Trump
9:39 Feudal Age
8:35 Double-Bit Axe
10:31 Bow Saw
10:32 Horse Collar
11:50 Loom
12:45 Gold Mining
12:52 Gold Mining
17:33 Castle Age
16:19 Stone Mining
17:28 Gold Mining
18:30 Wheelbarrow
25:32 Heavy Plow
27:31 Gold Shaft Mining
27:13 Hand Cart
26:41 Cavalier
27:40 Scale Barding Armor
28:50 Forging
29:07 Husbandry
30:37 Chain Barding Armor
38:42 Imperial Age
38:10 Stone Shaft Mining
38:55 Iron Casting
39:08 Paladin
40:23 Caravan
40:55 Coinage
40:36 Guilds
41:31 Plate Barding Armor
41:57 Blast Furnace
41:29 Fortified Wall
41:31 Masonry
41:02 Treadmill Crane
42:39 Crop Rotation
Connection lost

Rejoining the realm…

Still unreachable

The connection could not be restored.

Session expired

The server has moved on; the page needs a fresh start.